 Dungeon Crawl Stone Soup version 0.29-a0-872-g797fff5ad1 (webtiles) character file.

Game seed: 2295850669067799321

4211 IdlyInterested the Cleaver (level 10, -9/77 HPs)
             Began as a Demonspawn Fighter on July 18, 2022.
             Mangled by porpoise's ghost (13 damage)
             ... on level 7 of the Dungeon.
             The game lasted 00:19:24 (7495 turns).

IdlyInterested the Cleaver (Demonspawn Fighter)     Turns: 7495, Time: 00:19:24

Health: -9/77      AC: 18    Str: 21    XL:     10   Next: 8%
Magic:  12/12      EV:  8    Int: 15    God:
Gold:   466        SH: 11    Dex: 21    Spells: 9/9 levels left

rFire   . . .      SeeInvis .   a - +0 war axe (venom)
rCold   + . .      Faith    .   D - +0 kite shield
rNeg    . . .      Spirit   .   o - +4 chain mail {rC+}
rPois   .          Reflect  .   m - +2 helmet
rElec   .          Harm     .   (no cloak)
rCorr   .          Rampage  .   (no gloves)
Will    .....                   E - +1 pair of boots
Stlth   ++........              p - amulet of regeneration
HPRegen 1.02/turn               F - ring of Twilight {Str+4 Int+6}
MPRegen 0.13/turn               (no ring)

@: mighty, lethally poisoned (-9 -> -10), hasted, very quick
A: thin skeletal structure 2, ignite blood 1, powered by death 1, corrupting
presence 1, weakness stinger 1
a: no special abilities


You were on level 7 of the Dungeon.
You visited 2 branches of the dungeon, and saw 8 of its levels.

You collected 466 gold pieces.

Inventory:

Hand Weapons
 a - a +0 war axe of venom (weapon)
 u - a +0 war axe
 v - a +0 hand axe
 x - a +0 hand axe
 A - a +0 war axe
 C - a +2 vampiric whip
 H - a +0 hand axe
 L - a +0 war axe
Missiles
 e - 2 javelins
 h - 4 poisoned darts
 i - 2 boomerangs (quivered)
 y - a curare-tipped dart
Armour
 c - a +0 buckler
 m - a +2 helmet (worn)
 o - a +4 chain mail of cold resistance (worn)
 r - a +2 scale mail of fire resistance
 B - +0 steam dragon scales
 D - a +0 kite shield (worn)
 E - a +1 pair of boots (worn)
Magical Staves
 K - a staff of death
Jewellery
 k - a ring of ice
 p - an amulet of regeneration (around neck)
 F - the ring of Twilight (left hand) {Str+4 Int+6}
   (You took it off an orc on level 6 of the Dungeon)

   [ring of intelligence]

   Str:       It affects your strength (+4).
   Int:       It affects your intelligence (+6).
Wands
 q - a wand of mindburst (5)
 t - a wand of flame (9)
 w - a wand of roots (9)
Scrolls
 g - 2 scrolls of teleportation
 G - a scroll of enchant weapon {unknown}
Potions
 d - 3 potions of might
 f - 2 potions of heal wounds
 j - 3 potions of flight
 l - 4 potions of lignification
 n - 9 potions of curing
 s - 2 potions of brilliance
 z - 2 potions of berserk rage
 I - a potion of cancellation {unknown}
 J - a potion of attraction {unknown}


   Skills:
 + Level 6.9 Fighting
 * Level 8.3 Axes
 - Level 3.0 Throwing
 + Level 3.8 Armour
 - Level 3.0 Dodging
 - Level 3.0 Stealth
 + Level 6.1 Shields
 - Level 3.0 Invocations
 - Level 3.0 Evocations


You had 9 spell levels left.
You didn't know any spells.
Your spell library contained the following spells:

 Spells                   Type           Power      Damage    Failure   Level
 Necrotise                Necr           0%         1d4       100%        1
 Gell's Gravitas          Tloc           0%         N/A       100%        3
 Teleport Other           Tloc           0%         N/A       100%        3
 Vampiric Draining        Necr           0%         2d6       100%        3
 Agony                    Necr           0%         N/A       100%        5
 Dispersal                Tloc           0%         N/A       100%        6


Dungeon Overview and Level Annotations

Branches:
Dungeon (7/15)             Temple (1/1) D:5

Altars:
Ashenzari
Cheibriados
Dithmenos
Fedhas
Gozag
Hepliaklqana
Makhleb
Nemelex Xobeh
Okawaru
Qazlal
Ru
Sif Muna
Trog
Uskayaw
Vehumet
Wu Jian
Xom
Yredelemnul

Shops:
D:6 *

Annotations:
D:7 Yogidamonk's ghost, novice MiFi; porpoise's ghost, novice BaBr; reriks's ghost, novice OgBe; zhov's ghost, novice DsFi


Innate Abilities, Weirdness & Mutations

You have a moderately thin skeletal structure. (Dex +4, Stealth++)
Your demonic aura sometimes causes spilled blood to erupt in flames.
You regenerate a little health from kills.
Your presence sometimes corrodes those you injure.
You have a small tail.


Message History

You hit peter4's ghost but do no damage.
Peter4's ghost is severely damaged.
You feel very sick.
You slash peter4's ghost!
Peter4's ghost is almost destroyed.
You feel very sick. You block peter4's ghost's attack.
You slash peter4's ghost!
Peter4's ghost is almost destroyed.
You feel very sick. You block peter4's ghost's attack.
You feel much better.
You feel sick. Peter4's ghost hits you!
You are more poisoned.
You slice peter4's ghost!!
You destroy peter4's ghost!
You feel very sick.
Your Shields skill increases to level 6!
You have reached level 10!
Okay, then.
You hit porpoise's ghost.
Porpoise's ghost is lightly damaged.
You feel very sick. You block porpoise's ghost's attack.
You barely miss porpoise's ghost.
Porpoise's ghost is lightly damaged.
You feel sick.
Porpoise's ghost hits you but does no damage.
You slash porpoise's ghost!
Porpoise's ghost is moderately damaged.
You feel sick.
You barely miss porpoise's ghost.
You tail-slap porpoise's ghost, but do no damage.
Porpoise's ghost is moderately damaged.
You feel sick. You block porpoise's ghost's attack.
You slash porpoise's ghost!
Porpoise's ghost is heavily damaged.
You feel sick. Porpoise's ghost hits you!
* * * LOW HITPOINT WARNING * * *
You are electrocuted!
You die...

#.##.#######.........#
#.# #....#
#.......####### #.#
#.#### #.#####.#$8?.##
#.# ##.## ##.##
#..#....8#* #.#
##...####...###..#..(..!*
#.#
#..#..<.)........'......*
#.#
#....####...##W..'..$..8*
#.# #.#..#
##.####W.'.....[####.#
#.#..#
#...@WW.#.....$#..#.#
#.#..#
##.###..#....8###.#.#
#.#..######.# ####[8=.##
#.#<. #..รท........#
###### #.##.
###..######## #....#
#.... #..# ##...# ####.
#..# ##.## #. #..# #.#
##. ##.# #.# #..


You could see Yogidamonk's ghost, porpoise's ghost and zhov's ghost.

Vanquished Creatures
  The ghost of peter4 the Trooper, a novice OgHu of Okawaru (D:7)
  Pikel (D:6)
  Maggie (D:6)
  A hornet (D:7)
  Eustachio (D:5)
  2 water moccasins (D:6)
  Duvessa (D:5)
  An orc warrior (D:7)
  2 ice beasts (D:6)
  A black bear (D:7)
  2 sky beasts (D:7)
  2 ogres
  2 centaurs
  2 lemures (D:6)
  A kobold brigand (D:7)
  A phantom (D:4)
  4 bullfrogs
  2 scorpions
  2 necrophages
  Dowan (D:5)
  4 hounds
  3 jellies (D:6)
  3 orc priests
  Crazy Yiuf (D:3)
  Terence (D:3)
  Natasha (thrice) (D:3)
  2 iguanas
  2 orc wizards
  Robin (D:3)
  11 adders
  2 ufetubi
  3 worms
  2 dart slugs
  9 orcs
  4 endoplasms
  3 giant cockroaches
  19 goblins
  9 hobgoblins
  3 jackals (D:3)
  6 quokkas
  14 ball pythons
  6 bats
  2 frilled lizards
  13 kobolds
  5 rats
162 creatures vanquished.

Notes
Turn   | Place    | Note
-------+----------+-------------------------------------------
     0 | D:1      | IdlyInterested the Demonspawn Fighter began the quest for
                  | the Orb.
     0 | D:1      | Reached XP level 1. HP: 18/18 MP: 1/1
    38 | D:1      | Reached skill level 2 in Axes
   132 | D:1      | Gained mutation: Your demonic aura sometimes causes spilled
                  | blood to erupt in flames. [demonic ancestry]
   132 | D:1      | Reached XP level 2. HP: 20/24 MP: 2/2
   632 | D:1      | Gained mutation: You have a somewhat thin skeletal
                  | structure. (Dex +2, Stealth+) [demonic ancestry]
   632 | D:1      | Reached XP level 3. HP: 29/29 MP: 3/3
  1470 | D:2      | Reached skill level 1 in Dodging
  1657 | D:2      | Gained mutation: You have a moderately thin skeletal
                  | structure. (Dex +4, Stealth++) [demonic ancestry]
  1657 | D:2      | Reached XP level 4. HP: 32/35 MP: 4/4
  1936 | D:2      | Found a faded altar of an unknown god.
  2068 | D:3      | Noticed Robin
  2095 | D:3      | Killed Robin
  2096 | D:3      | Reached skill level 3 in Axes
  2578 | D:3      | Reached XP level 5. HP: 41/41 MP: 5/5
  2644 | D:3      | Found a runed translucent door.
  2645 | D:3      | Noticed Crazy Yiuf
  2669 | D:3      | Noticed Terence
  2677 | D:3      | Killed Terence
  3176 | D:3      | Noticed Natasha
  3179 | D:3      | Killed Natasha
  3404 | D:3      | Killed Crazy Yiuf
  3443 | D:3      | Noticed Natasha
  3448 | D:3      | Killed Natasha
  3577 | D:3      | Noticed Natasha
  3580 | D:3      | Killed Natasha
  3581 | D:3      | Gained mutation: You regenerate a little health from kills.
                  | [demonic ancestry]
  3581 | D:3      | Reached XP level 6. HP: 48/48 MP: 6/6
  3759 | D:4      | Reached skill level 4 in Axes
  3976 | D:4      | Gained mutation: You have a small tail. [demonic ancestry]
  3976 | D:4      | Reached XP level 7. HP: 54/54 MP: 7/7
  4371 | D:4      | Found a faded altar of an unknown god.
  4371 | D:4      | Found a faded altar of an unknown god.
  4378 | D:4      | Found a shadowy altar of Dithmenos.
  4380 | D:4      | Found a sacrificial altar of Ru.
  4382 | D:4      | Found a basalt altar of Yredelemnul.
  4631 | D:5      | Entered Level 5 of the Dungeon
  4745 | D:5      | Reached skill level 1 in Evocations
  4795 | D:5      | Noticed Dowan
  4796 | D:5      | Noticed Duvessa
  4799 | D:5      | Found a staircase to the Ecumenical Temple.
  4804 | D:5      | Killed Dowan
  4811 | D:5      | Killed Duvessa
  4859 | Temple   | Entered the Ecumenical Temple
  5202 | D:5      | Reached skill level 5 in Axes
  5227 | D:5      | Noticed Eustachio
  5239 | D:5      | Killed Eustachio
  5240 | D:5      | Reached skill level 1 in Throwing
  5240 | D:5      | Gained mutation: Your presence sometimes corrodes those you
                  | injure. [demonic ancestry]
  5240 | D:5      | Reached XP level 8. HP: 57/61 MP: 8/8
  5422 | D:6      | Reached skill level 5 in Fighting
  5573 | D:6      | Noticed Maggie
  5586 | D:6      | Killed Maggie
  5587 | D:6      | Reached skill level 6 in Axes
  5819 | D:6      | Identified the ring of Twilight {Str+4 Int+6}
  5830 | D:6      | Reached skill level 1 in Stealth
  5839 | D:6      | HP: 3/63 [poisoned by an orc]
  5844 | D:6      | HP: 3/63 [poisoned by an orc]
  5893 | D:6      | Reached skill level 5 in Shields
  5949 | D:6      | Noticed Pikel
  5962 | D:6      | Killed Pikel
  5963 | D:6      | Reached XP level 9. HP: 50/69 MP: 9/9
  6133 | D:6      | Reached skill level 7 in Axes
  6367 | D:6      | Found Lazost's Serpentskin Sales.
  6373 | D:6      | Reached skill level 1 in Invocations
  6857 | D:7      | Paralysed by a hornet for 2 turns
  7088 | D:7      | Reached skill level 8 in Axes
  7324 | D:7      | Found a runed translucent gate.
  7325 | D:7      | Found a runed translucent gate.
  7326 | D:7      | Found a runed translucent gate.
  7328 | D:7      | Noticed porpoise's ghost (novice BaBr)
  7328 | D:7      | Noticed zhov's ghost (novice DsFi)
  7329 | D:7      | Noticed peter4's ghost (novice OgHu)
  7329 | D:7      | Noticed reriks's ghost (novice OgBe)
  7329 | D:7      | Noticed Yogidamonk's ghost (novice MiFi)
  7490 | D:7      | Killed peter4's ghost
  7491 | D:7      | Reached XP level 10. HP: 24/77 MP: 12/12
  7495 | D:7      | Mangled by porpoise's ghost

Illustrated notes

Levels and vault maps discovered:
D:1:      dpeg_arrival_fog, layout_rooms, minmay_small_reverse_x
D:2:      layout_loops_corners, shapermc_ecumenical_altar_pompeii
D:3:      layout_loops_ring, nicolae_concentric_dashed_squares_mild,
          uniq_natasha, uniq_robin, uniq_terence, uniq_crazy_yiuf_cottage
D:4:      minmay_recursive_quarters, layout_basic,
          chequers_temple_overflow_minitemple
D:5:      layout_basic, minmay_temple_entry_stoned_glass, uniq_duvessa,
          uniq_eustachio
D:6:      layout_layer_cave, guppyfry_shop_venom, uniq_maggie, uniq_pikel
D:7:      layout_loops_ring, gammafunk_ghost_cemetery
Temple:   dpeg_three_leaves_temple

Skill      XL: |  1  2  3  4  5  6  7  8  9 |
---------------+----------------------------+-----
Axes           | 2 3 4 5 6 8 |  8.3
Armour         | 3 |  3.8
Shields        | 3 4 5 6 |  6.1
Dodging        | 1 2 3 |  3.0
Fighting       | 4 5 6 |  6.9
Evocations     | 3 |  3.0
Throwing       | 1 3 |  3.0
Stealth        | 2 3 |  3.0
Invocations    | 3 |  3.0

Action                   |  1- 3 |  4- 6 |  7- 9 | 10-12 || total
-------------------------+-------+-------+-------+-------++-------
Melee: War axe           |   130 |   126 |   222 |     5 ||   483
       Tailslap          |       |       |    38 |     1 ||    39
Throw: Boomerang         |       |     6 |     2 |       ||     8
  Use: Scroll            |     3 |     3 |     6 |       ||    12
       Potion            |       |     2 |     7 |       ||     9
 Stab: Sleeping          |     1 |     6 |       |       ||     7
Armor: Scale mail        |    71 |    25 |       |       ||    96
       Chain mail        |       |    42 |   137 |     1 ||   180
Dodge: Dodged            |    74 |    38 |    87 |       ||   199
Block: Buckler           |    36 |    31 |    25 |       ||    92
       Kite shield       |       |       |    71 |     2 ||    73

Table legend: (Time is in decaauts)
 A = Elapsed time spent in this place.
 B = Non-inter-level travel time spent in this place.
 C = Inter-level travel time spent in this place.
 D = Time resting spent in this place.
 E = Time spent auto-exploring this place.
 F = Levels seen in this place.
 G = Mean time per level.
                   A        B        C        D        E       F      G
               +--------+--------+--------+--------+--------+-----+--------+
         Total |   7689 |   6868 |    821 |    612 |   4465 |   8 |  961.1 |
       Dungeon |   7609 |   6788 |    821 |    612 |   4407 |   7 | 1087.0 |
        Temple |     79 |     79 |      0 |      0 |     58 |   1 |   79.0 |
               +--------+--------+--------+--------+--------+-----+--------+

Top non-repeatable levels by time:
     D:3: 1529 daAuts
     D:6: 1266 daAuts
     D:2: 1238 daAuts
     D:4: 1127 daAuts
     D:1: 927 daAuts
     D:7: 782 daAuts
     D:5: 737 daAuts
  Temple: 79 daAuts
